PA
GALESBURG GUZZLERS @ TENNESSEE SMOKIES
08/21/2041
 
TOP OF THE 1ST
Galesburg Guzzlers batting - Pitching for Tennessee Smokies : LHP Omar Bongo
Pitching: LHP Omar Bongo
Batting: RHB Cheh Che 0-0: Called Strike
0-1: Foul Ball, location: 2F
0-2: Ball
1-2: SINGLE (Groundball, 6MD, EV 94.4 MPH)
Batting: RHB Woody Marshall 0-0: Called Strike
0-1: Ball
1-1: Ground out U3 (Groundball, 34, EV 107.5 MPH)
Cheh Che to second
Batting: SHB Félix Linaza 0-0: Ball
Cheh Che steals 3rd base
1-0: Called Strike
1-1: Ball
2-1: Foul Ball, location: 2F
2-2: Fly out, F8 (Line Drive, 8RD, EV 87.5 MPH)
Runner from 3rd tags up, SCORES, throw by CF
Batting: RHB Bo Rajat 0-0: Foul Ball, location: 2F
0-1: Ball
1-1: Ball
2-1: Called Strike
2-2: Strikes out swinging
Top of the 1st over - 1 run, 1 hit, 0 errors, 0 left on base; Galesburg 1 - Tennessee 0
BOTTOM OF THE 1ST
Tennessee Smokies batting - Pitching for Galesburg Guzzlers : RHP Jorge Cambeiro
Pitching: RHP Jorge Cambeiro
Batting: LHB Royce Rolls 0-0: Ball
1-0: Called Strike
1-1: Swinging Strike
1-2: Ball
2-2: Strikes out swinging
Batting: RHB Emílio Vivas 0-0: SINGLE (Flyball, 9LS, EV 94.4 MPH)
Batting: RHB Ricardo Ojíto 0-0: Swinging Strike
0-1: Fly out, F8 (Flyball, 8RD, EV 77.5 MPH)
Batting: RHB Randy Moore 0-0: Ball
Emílio Vivas is caught stealing 2nd base 2-4
Bottom of the 1st over - 0 runs, 1 hit, 0 errors, 0 left on base; Galesburg 1 - Tennessee 0
TOP OF THE 2ND
Galesburg Guzzlers batting - Pitching for Tennessee Smokies : LHP Omar Bongo
Batting: SHB Jorge Rocha 0-0: Foul Ball, location: 2F
0-1: Foul Ball, location: 2F
0-2: Strikes out swinging
Batting: RHB Shi-xian Zhào 0-0: Ball
1-0: Ball
2-0: Called Strike
2-1: Swinging Strike
2-2: Ball
3-2: Base on Balls
Batting: RHB Freddie Butterworth 0-0: Ball
1-0: Foul Ball, location: 2F
1-1: Ball
2-1: Swinging Strike
2-2: Ball
3-2: SINGLE (Groundball, 56D, EV 107.5 MPH)
Shi-xian Zhào to second
Batting: RHB Paul Kelly 0-0: Ball
1-0: Foul Ball, location: 2F
1-1: Foul Ball, location: 2F
1-2: Foul Ball, location: 2F
1-2: Foul Ball, location: 2F
1-2: Strikes out swinging
Batting: RHB Ching Sun 0-0: Called Strike
0-1: Ball
1-1: Ball
2-1: Fielders Choice at 2nd, 6-4 (Groundball, 6, EV 89.4 MPH)
Top of the 2nd over - 0 runs, 1 hit, 0 errors, 2 left on base; Galesburg 1 - Tennessee 0
BOTTOM OF THE 2ND
Tennessee Smokies batting - Pitching for Galesburg Guzzlers : RHP Jorge Cambeiro
Batting: RHB Randy Moore 0-0: Ball
1-0: Swinging Strike
1-1: Foul Ball, location: 2F
1-2: Strikes out swinging
Batting: LHB Vance Lee 0-0: Ground out 5-3 (Groundball, 5, EV 81.9 MPH)
Batting: RHB Benigno Bachelay 0-0: Ground out 6-3 (Groundball, 6, EV 105.0 MPH)
Bottom of the 2nd over - 0 runs, 0 hits, 0 errors, 0 left on base; Galesburg 1 - Tennessee 0
TOP OF THE 3RD
Galesburg Guzzlers batting - Pitching for Tennessee Smokies : LHP Omar Bongo
Batting: RHB Cheh Che 0-0: Called Strike
0-1: Called Strike
0-2: Ball
1-2: Ball
2-2: Ball
3-2: Strikes out swinging
Batting: RHB Woody Marshall 0-0: Ball
1-0: Ball
2-0: Ball
3-0: Called Strike
3-1: Base on Balls
Batting: SHB Félix Linaza 0-0: Called Strike
0-1: Foul Ball, location: 2F
0-2: Ball
1-2: Foul Ball, location: 2F
1-2: Ball
2-2: Fly out, F8 (Flyball, 8RXD, EV 105.0 MPH)
Batting: RHB Bo Rajat 0-0: Called Strike
0-1: Foul Ball, location: 2F
0-2: Foul Ball, location: 2F
0-2: Strikes out swinging
Top of the 3rd over - 0 runs, 0 hits, 0 errors, 1 left on base; Galesburg 1 - Tennessee 0
BOTTOM OF THE 3RD
Tennessee Smokies batting - Pitching for Galesburg Guzzlers : RHP Jorge Cambeiro
Batting: LHB Jason Durkin 0-0: Ball
1-0: Ball
2-0: Ball
3-0: Base on Balls
Batting: RHB Erwan Michel 0-0: Called Strike
0-1: Foul Ball, location: 2F
0-2: Strikes out looking
Batting: RHB Lorenzo Gaona 0-0: Ball
1-0: Foul Ball, location: 2F
1-1: Called Strike
1-2: Strikes out swinging
Batting: LHB Royce Rolls 0-0: Ball
1-0: Ball
2-0: Ground out 5-3 (Groundball, 56S, EV 83.8 MPH)
Bottom of the 3rd over - 0 runs, 0 hits, 0 errors, 1 left on base; Galesburg 1 - Tennessee 0
TOP OF THE 4TH
Galesburg Guzzlers batting - Pitching for Tennessee Smokies : LHP Omar Bongo
Batting: SHB Jorge Rocha 0-0: Fly out, F8 (Flyball, 8RS, EV 90.0 MPH)
Batting: RHB Shi-xian Zhào 0-0: Foul Ball, location: 2F
0-1: Called Strike
0-2: Ball
1-2: Ball
2-2: Ball
3-2: Ground out 6-3 (Groundball, 6, EV 111.9 MPH)
Batting: RHB Freddie Butterworth 0-0: Called Strike
0-1: Swinging Strike
0-2: Foul Ball, location: 2F
0-2: SINGLE (Groundball, 34D, EV 93.8 MPH)
Batting: RHB Paul Kelly 0-0: Called Strike
0-1: Foul Ball, location: 2F
0-2: Ball
1-2: Strikes out swinging
Top of the 4th over - 0 runs, 1 hit, 0 errors, 1 left on base; Galesburg 1 - Tennessee 0
BOTTOM OF THE 4TH
Tennessee Smokies batting - Pitching for Galesburg Guzzlers : RHP Jorge Cambeiro
Batting: RHB Emílio Vivas 0-0: Foul Ball, location: 2F
0-1: Fly out, F8 (Flyball, 8RD, EV 100.0 MPH)
Batting: RHB Ricardo Ojíto 0-0: Swinging Strike
0-1: Ball
1-1: Foul Ball, location: 2F
1-2: Ball
2-2: Strikes out swinging
Batting: RHB Randy Moore 0-0: Called Strike
0-1: Called Strike
0-2: Strikes out looking
Bottom of the 4th over - 0 runs, 0 hits, 0 errors, 0 left on base; Galesburg 1 - Tennessee 0
TOP OF THE 5TH
Galesburg Guzzlers batting - Pitching for Tennessee Smokies : LHP Omar Bongo
Batting: RHB Ching Sun 0-0: Called Strike
0-1: Ball
1-1: Ground out 4-3 (Groundball, 4, EV 85.6 MPH)
Batting: RHB Cheh Che 0-0: Ball
1-0: Foul Ball, location: 2F
1-1: Ball
2-1: Foul Ball, location: 2F
2-2: TRIPLE (Flyball, 78XD, EV 93.8 MPH)
Batting: RHB Woody Marshall 0-0: Called Strike
0-1: Foul Ball, location: 2F
0-2: Strikes out swinging
Batting: SHB Félix Linaza 0-0: Ball
1-0: Ball
2-0: Ball
3-0: Called Strike
3-1: Ground out 5-3 (Groundball, 5, EV 78.1 MPH)
Top of the 5th over - 0 runs, 1 hit, 0 errors, 1 left on base; Galesburg 1 - Tennessee 0
BOTTOM OF THE 5TH
Tennessee Smokies batting - Pitching for Galesburg Guzzlers : RHP Jorge Cambeiro
Batting: LHB Vance Lee 0-0: Ball
1-0: Foul Ball, location: 2F
1-1: Foul Ball, location: 2F
1-2: Ball
2-2: Strikes out swinging
Batting: RHB Benigno Bachelay 0-0: Called Strike
0-1: Ball
1-1: Fly out, F5 (Line Drive, 5, EV 75.6 MPH)
Batting: LHB Jason Durkin 0-0: Called Strike
0-1: Ball
1-1: Fly out, F9 (Flyball, 9S, EV 89.4 MPH)
Bottom of the 5th over - 0 runs, 0 hits, 0 errors, 0 left on base; Galesburg 1 - Tennessee 0
TOP OF THE 6TH
Galesburg Guzzlers batting - Pitching for Tennessee Smokies : LHP Omar Bongo
Batting: RHB Bo Rajat 0-0: Ball
1-0: Ball
2-0: Swinging Strike
2-1: Swinging Strike
2-2: Foul Ball, location: 2F
2-2: Ball
3-2: Fly out, F9 (Flyball, 9, EV 88.1 MPH)
Pitching: LHP Félix Fernández
Batting: SHB Jorge Rocha 0-0: Foul Ball, location: 2F
0-1: Foul Ball, location: 2F
0-2: Strikes out swinging
Batting: RHB Shi-xian Zhào 0-0: Ball
1-0: Foul Ball, location: 2F
1-1: Foul Ball, location: 2F
1-2: Reached on error, E6 (Groundball, 56, EV 103.1 MPH)
Batting: RHB Freddie Butterworth 0-0: Called Strike
0-1: Ball
1-1: Swinging Strike
1-2: Fly out, F8 (Flyball, 8RS, EV 90.6 MPH)
Top of the 6th over - 0 runs, 0 hits, 1 error, 1 left on base; Galesburg 1 - Tennessee 0
BOTTOM OF THE 6TH
Tennessee Smokies batting - Pitching for Galesburg Guzzlers : RHP Jorge Cambeiro
Batting: RHB Erwan Michel 0-0: Ball
1-0: Called Strike
1-1: Called Strike
1-2: Strikes out swinging
Batting: RHB Lorenzo Gaona 0-0: Called Strike
0-1: Called Strike
0-2: Strikes out swinging
Batting: LHB Royce Rolls 0-0: Called Strike
0-1: Ball
1-1: Ground out 5-3 (Groundball, 5, EV 103.8 MPH)
Bottom of the 6th over - 0 runs, 0 hits, 0 errors, 0 left on base; Galesburg 1 - Tennessee 0
TOP OF THE 7TH
Galesburg Guzzlers batting - Pitching for Tennessee Smokies : LHP Félix Fernández
Batting: RHB Paul Kelly 0-0: Called Strike
0-1: Foul Ball, location: 2F
0-2: Ball
1-2: Ball
2-2: Ball
3-2: Strikes out swinging
Batting: RHB Ching Sun 0-0: Ball
1-0: Called Strike
1-1: Foul Ball, location: 2F
1-2: Foul Ball, location: 2F
1-2: Strikes out swinging
Batting: RHB Cheh Che 0-0: Ball
1-0: Foul Ball, location: 2F
1-1: Reached on error, E5 (Groundball, 56, EV 100.0 MPH)
Batting: RHB Woody Marshall 0-0: Ball
Cheh Che is caught stealing 2nd base 2-4
Top of the 7th over - 0 runs, 0 hits, 1 error, 0 left on base; Galesburg 1 - Tennessee 0
BOTTOM OF THE 7TH
Tennessee Smokies batting - Pitching for Galesburg Guzzlers : RHP Jorge Cambeiro
Now at 2B: Jorge Pagán
Batting: RHB Emílio Vivas 0-0: Called Strike
0-1: Called Strike
0-2: Ball
1-2: Ball
2-2: Ball
3-2: Foul Ball, location: 2F
3-2: Strikes out looking
Batting: RHB Ricardo Ojíto 0-0: Called Strike
0-1: DOUBLE (Line Drive, 7LS, EV 106.2 MPH)
Pinch Hitting: SHB Rafael Villa 0-0: Ball
1-0: Swinging Strike
1-1: SINGLE (Groundball, 34S, EV 66.2 MPH) (infield hit)
Ricardo Ojíto to third
Batting: LHB Vance Lee 0-0: Called Strike
0-1: Fly out, F7 (Flyball, 78D, EV 96.2 MPH)
Runner from 3rd tags up, SCORES, no throw by LF
Pitching: RHP Li-chi Lou
Batting: RHB Benigno Bachelay 0-0: Foul Ball, location: 2F
0-1: Ball
1-1: Foul Ball, location: 2F
1-2: SINGLE (Groundball, 6D, EV 106.9 MPH)
Rafael Villa to second
Batting: LHB Jason Durkin 0-0: Ball
1-0: Ball
2-0: Ball
3-0: Called Strike
3-1: SINGLE (Line Drive, 34, EV 96.9 MPH)
Rafael Villa to third
Benigno Bachelay to second
Batting: RHB Erwan Michel 0-0: Swinging Strike
0-1: Ball
1-1: Foul Ball, location: 2F
1-2: Strikes out looking
Bottom of the 7th over - 1 run, 4 hits, 0 errors, 3 left on base; Galesburg 1 - Tennessee 1
TOP OF THE 8TH
Galesburg Guzzlers batting - Pitching for Tennessee Smokies : LHP Félix Fernández
Now in CF: Terjo Ridanpää
Batting: RHB Woody Marshall 0-0: Fly out, F7 (Flyball, 7D, EV 98.1 MPH)
Batting: SHB Félix Linaza 0-0: Called Strike
0-1: SINGLE (Line Drive, 6MD, EV 95.0 MPH)
Batting: RHB Bo Rajat 0-0: Ball
1-0: Ball
2-0: Called Strike
2-1: Swinging Strike
2-2: Strikes out swinging
Batting: SHB Jorge Rocha 0-0: Ball
Félix Linaza steals 2nd base
1-0: Swinging Strike
1-1: Fly out, F7 (Flyball, 7LMF, EV 84.4 MPH)
Top of the 8th over - 0 runs, 1 hit, 0 errors, 1 left on base; Galesburg 1 - Tennessee 1
BOTTOM OF THE 8TH
Tennessee Smokies batting - Pitching for Galesburg Guzzlers : RHP Li-chi Lou
Batting: RHB Lorenzo Gaona 0-0: Ground out 4-3 (Groundball, 4, EV 86.2 MPH)
Batting: LHB Royce Rolls 0-0: Called Strike
0-1: Called Strike
0-2: Ball
1-2: Strikes out looking and he ARGUES THE CALL AND IS TOSSED!
Batting: RHB Emílio Vivas 0-0: Foul Ball, location: 2F
0-1: Foul Ball, location: 2F
0-2: Strikes out swinging
Bottom of the 8th over - 0 runs, 0 hits, 0 errors, 0 left on base; Galesburg 1 - Tennessee 1
TOP OF THE 9TH
Galesburg Guzzlers batting - Pitching for Tennessee Smokies : LHP Félix Fernández
Pitching: RHP Steve Davis
Now at 1B: Bryan Barber
Batting: RHB Shi-xian Zhào 0-0: Fly out, F7 (Flyball, 78D, EV 94.4 MPH)
Batting: RHB Freddie Butterworth 0-0: Ball
1-0: Foul Ball, location: 2F
1-1: Ball
2-1: SINGLE (Line Drive, 89M, EV 89.4 MPH)
Pinch Hitting: RHB David Maddox 0-0: Ball
1-0: Ball
2-0: Called Strike
2-1: Swinging Strike
2-2: Strikes out swinging
Batting: RHB Ching Sun 0-0: Ball
1-0: Called Strike
1-1: Ball
2-1: Ball
3-1: Called Strike
3-2: Strikes out looking
Top of the 9th over - 0 runs, 1 hit, 0 errors, 1 left on base; Galesburg 1 - Tennessee 1
BOTTOM OF THE 9TH
Tennessee Smokies batting - Pitching for Galesburg Guzzlers : RHP Li-chi Lou
Pitching: RHP Horatio Hornblower
Now at 2B: David Maddox
Batting: RHB Ricardo Ojíto 0-0: Called Strike
0-1: Foul Ball, location: 2F
0-2: Strikes out looking
Batting: RHB Terjo Ridanpää 0-0: Ground out 6-3 (Groundball, 6, EV 108.1 MPH)
Batting: LHB Vance Lee 0-0: Ball
1-0: Ball
2-0: Foul Ball, location: 2F
2-1: Foul Ball, location: 2F
2-2: SINGLE (Flyball, 7LS, EV 93.1 MPH)
Batting: RHB Benigno Bachelay 0-0: Swinging Strike
0-1: Swinging Strike
0-2: Strikes out looking
Bottom of the 9th over - 0 runs, 1 hit, 0 errors, 1 left on base; Galesburg 1 - Tennessee 1
TOP OF THE 10TH
Galesburg Guzzlers batting - Pitching for Tennessee Smokies : RHP Steve Davis
Batting: RHB Cheh Che 0-0: Ball
1-0: Ball
2-0: SOLO HOME RUN (Flyball, 7LD, EV 94.4 MPH), Distance : 350 ft
Batting: RHB Woody Marshall 0-0: Fly out, F4 (Line Drive, 4, EV 74.4 MPH)
Batting: SHB Félix Linaza 0-0: Called Strike
0-1: Foul Ball, location: 2F
0-2: Ball
1-2: Strikes out swinging
Batting: RHB Bo Rajat 0-0: SINGLE (Groundball, 34, EV 110.0 MPH) (infield hit)
Batting: SHB Jorge Rocha 0-0: Ball
1-0: Called Strike
1-1: Called Strike
1-2: DOUBLE (Line Drive, 3D, EV 95.0 MPH)
Bo Rajat to third
Runner from 3rd tries for Home, SAFE, throw by RF to home
Batting: RHB Shi-xian Zhào 0-0: Ball
1-0: Foul Ball, location: 2F
1-1: Foul Ball, location: 2F
1-2: Strikes out swinging
Top of the 10th over - 2 runs, 3 hits, 0 errors, 1 left on base; Galesburg 3 - Tennessee 1
BOTTOM OF THE 10TH
Tennessee Smokies batting - Pitching for Galesburg Guzzlers : RHP Horatio Hornblower
Batting: LHB Jason Durkin 0-0: Ball
1-0: Swinging Strike
1-1: Ball
2-1: Swinging Strike
2-2: Strikes out swinging
Batting: RHB Erwan Michel 0-0: Called Strike
0-1: Ball
1-1: Called Strike
1-2: Strikes out swinging
Batting: RHB Lorenzo Gaona 0-0: Called Strike
0-1: Swinging Strike
0-2: Foul Ball, location: 2F
0-2: Ball
1-2: Strikes out swinging
Bottom of the 10th over - 0 runs, 0 hits, 0 errors, 0 left on base; Galesburg 3 - Tennessee 1
Tuesday, January 5th, 2021 - OOTP Baseball 20.8 Build 74